 Dungeon Crawl Stone Soup version 0.28.0-53-g5a82cb258f (webtiles) character file.

Game seed: 16268497693546846477

1472 LustLizard the Cleaver (level 8, -6/71 HPs)
             Began as a Minotaur Berserker on July 18, 2022.
             Was a Believer of Trog.
             Succumbed to a gnoll's poison
             ... on level 6 of the Dungeon.
             The game lasted 00:06:41 (4852 turns).

LustLizard the Cleaver (Minotaur Berserker)         Turns: 4852, Time: 00:06:42

Health: -6/71      AC: 14    Str: 23 (24) XL:     8   Next: 49%
Magic:  9/9        EV:  6    Int:  1 (4)  God:    Trog [**....]
Gold:   202        SH:  4    Dex:  7 (10) Spells: 10/10 levels left

rFire   . . .      SeeInvis .   l - +0 war axe
rCold   . . .      Faith    .   e - +2 buckler {reflect}
rNeg    . . .      Spirit   .   y - +0 plate armour
rPois   .          Reflect  +   C - +2 hat
rElec   .          Harm     .   g - +0 cloak
rCorr   .          Rampage  .   (no gloves)
Will    .....                   (no boots)
Stlth   ..........              (no amulet)
HPRegen 0.21/turn               (no ring)
MPRegen 0.11/turn               (no ring)

@: lethally poisoned (-6 -> -42), flying
A: horns 2, retaliatory headbutt
a: Renounce Religion, Berserk, Trog's Hand


You were on level 6 of the Dungeon.
You worshipped Trog.
Trog was pleased with you.
You visited 1 branch of the dungeon, and saw 6 of its levels.

You collected 202 gold pieces.

Inventory:

Hand Weapons
 a - a +0 hand axe
 l - a +0 war axe (weapon)
Missiles
 f - 128 stones (quivered)
 x - 4 silver javelins
 G - 4 poisoned darts
 H - a throwing net
 L - 4 curare-tipped darts
Armour
 b - a +0 animal skin
 d - a +0 ring mail
 e - a +2 buckler of reflection (worn)
 g - a +0 cloak (worn)
 i - a +0 scale mail
 u - a +0 chain mail
 y - a +0 plate armour (worn)
 C - a +2 hat (worn)
Jewellery
 K - an amulet of faith
 N - a ring of fire
Wands
 F - a wand of iceblast (10)
 I - a wand of mindburst (16)
 M - a wand of digging (3)
Scrolls
 c - 5 scrolls of immolation
 h - 3 scrolls of identify {unknown}
 k - a scroll of fog {unknown}
 m - 2 scrolls of amnesia {unknown}
 n - 2 scrolls of acquirement {unknown}
 o - a scroll of fear {unknown}
 q - 2 scrolls of enchant armour {unknown}
 s - a scroll of teleportation {unknown}
 v - a scroll of blinking {unknown}
 D - 2 scrolls of magic mapping {unknown}
 E - a scroll of enchant weapon {unknown}
Potions
 j - a potion of flight
 p - a potion of might
 r - a potion of brilliance {unknown}
 t - a potion of lignification {unknown}
 w - a potion of degeneration
 z - a potion of attraction {unknown}
 A - a potion of berserk rage {unknown}
 B - 2 potions of curing {unknown}
 J - 2 potions of invisibility


   Skills:
 + Level 6.5 Fighting
 * Level 8.5 Axes
 * Level 6.2 Throwing
 - Level 2.4 Armour
 - Level 2.1 Dodging
 * Level 1.8 Spellcasting


You had 10 spell levels left.
You didn't know any spells.
Your spell library was empty.

Dungeon Overview and Level Annotations

Branches:
Dungeon (6/15)
 Temple: D:4-7

Altars:
Cheibriados


Innate Abilities, Weirdness & Mutations

You have a pair of horns on your head.
You reflexively headbutt those who attack you in melee.


Message History

You feel sick. The gnoll closely misses you.
The gnoll hits you from afar with a +1 spear of venom.
You are more poisoned.
You slash the gnoll!
You kill the gnoll!
Trog accepts your kill.
You feel very sick. The gnoll hits you but does no damage.
You are more poisoned.
Trog does not appreciate your training of magic skills!
You feel very sick.
The gnoll hits you with a +1 spear of venom!
You are lethally poisoned!
Things that are here:
a +0 club; a gnoll corpse; an iguana corpse You closely miss the gnoll.
You headbutt the gnoll!
The gnoll is severely wounded.
* * * LOW HITPOINT WARNING * * *
You feel extremely sick. The gnoll hits you but does no damage.
You are more poisoned.
You closely miss the gnoll.
The gnoll is severely wounded.
* * * LOW HITPOINT WARNING * * *
You feel extremely sick.
The gnoll hits you with a +1 spear of venom.
* * * LOW HITPOINT WARNING * * *
The gnoll hits you but does no damage.
You are more poisoned.
It was a potion of flight.
You feel very buoyant.
You fly up into the air.
* * * LOW HITPOINT WARNING * * *
You feel extremely sick. The gnoll hits you but does no damage.
You are more poisoned.
It was a potion of degeneration.
There was something very wrong with that liquid.
You feel weakened.
You feel dopey.
You feel clumsy.
You die...

........ ##.##
...........+ ...
...........# #.#
######.....# #.#
#..... #. #.#
######...# #.##.#
.........# #.##.#
##.......# #.##†#
......(.## #.##@#
##......# #.##g####
........#####.#.....#
.....#..............#
#.#.###..####.#.....#
<.... ##.# #.#.....#
########.## #(#.....#
.........# #.#.....#
########.# #.#.....#


You could see a gnoll.

Vanquished Creatures
  Sigmund (D:3)
  Menkaure (D:4)
  An ogre (D:5)
  A necrophage (D:3)
  An ice beast (D:4)
  A phantom (D:6)
  A kobold brigand (D:5)
  2 water moccasin zombies
  2 water moccasin skeletons
  2 bullfrog zombies
  Crazy Yiuf (D:2)
  2 bullfrog skeletons (D:5)
  3 orc priests
  An iguana (D:6)
  3 orc wizards
  A hound skeleton (D:4)
  8 gnolls
  7 adders
  An ufetubus (D:5)
  A dart slug (D:3)
  14 orcs
  An endoplasm (D:1)
  4 giant cockroaches
  8 hobgoblins
  9 kobolds
  A quokka (D:5)
  10 ball pythons
  2 frilled lizards
  7 goblins
  4 rats
101 creatures vanquished.

Notes
Turn   | Place    | Note
-------+----------+-------------------------------------------
     0 | D:1      | LustLizard the Minotaur Berserker began the quest for the
                  | Orb.
     0 | D:1      | Reached XP level 1. HP: 19/19 MP: 0/0
   375 | D:1      | Reached skill level 4 in Axes
   434 | D:1      | Reached XP level 2. HP: 27/27 MP: 1/1
   612 | D:1      | Reached skill level 1 in Throwing
  1099 | D:2      | Reached XP level 3. HP: 17/33 MP: 2/2
  1624 | D:2      | Found a runed translucent door.
  1625 | D:2      | Noticed Crazy Yiuf
  1635 | D:2      | Killed Crazy Yiuf
  1637 | D:2      | Identified the +4 mace of Light {pain, rPois Stlth+}
  1820 | D:3      | Noticed a necrophage
  1825 | D:3      | Killed a necrophage
  1826 | D:3      | Reached skill level 5 in Axes
  1826 | D:3      | Reached XP level 4. HP: 35/41 MP: 3/3
  1826 | D:3      | Reached XP level 5. HP: 40/47 MP: 4/4
  1988 | D:3      | Found a snail-covered altar of Cheibriados.
  2166 | D:3      | Noticed Sigmund
  2188 | D:3      | Killed Sigmund
  2189 | D:3      | Reached skill level 5 in Fighting
  2189 | D:3      | Reached skill level 6 in Axes
  2189 | D:3      | Reached XP level 6. HP: 41/56 MP: 5/5
  2190 | D:3      | Reached ** piety under Trog
  2191 | D:3      | Found a faded altar of an unknown god.
  3087 | D:4      | Reached XP level 7. HP: 49/61 MP: 6/6
  3221 | D:4      | Reached skill level 7 in Axes
  3408 | D:4      | Noticed Menkaure
  3416 | D:4      | Killed Menkaure
  3417 | D:4      | Reached skill level 5 in Throwing
  3759 | D:5      | Entered Level 5 of the Dungeon
  3968 | D:5      | Reached XP level 8. HP: 61/70 MP: 6/8
  4079 | D:5      | Reached skill level 8 in Axes
  4079 | D:5      | Reached skill level 1 in Spellcasting
  4851 | D:6      | HP: 2/71 [poisoned by a gnoll]
  4852 | D:6      | Succumbed to a gnoll's poison

Illustrated notes

Levels and vault maps discovered:
D:1:      minmay_arrival_widening_spiral_narrow, layout_rooms,
          chequers_serial_rivers_micro_d, minmay_domino_2
D:2:      layout_loops_ring, roderic_lattice_a, chequers_mini_garden,
          uniq_crazy_yiuf_cottage
D:3:      layout_loops_ring, cheibriados_altar_1,
          hellmonk_ecumenical_altar_blasted, uniq_sigmund
D:4:      layout_rooms, minmay_misc_feat_iff, uniq_menkaure
D:5:      cheibrodos_thug_alley, layout_rooms
D:6:      layout_basic

Skill      XL: |  1  2  3  4  5  6  7  8 |
---------------+-------------------------+-----
Axes           | 4 5 6 7 8 |  8.5
Throwing       | 1 2 3 4 5 6 |  6.2
Fighting       | 4 5 6 |  6.5
Spellcasting   | 1 |  1.8
Armour         | |  2.4
Dodging        | |  2.1

Action                   |  1- 3 |  4- 6 |  7- 9 || total
-------------------------+-------+-------+-------++-------
Melee: Hand axe          |    48 |       |       ||    48
       Headbutt          |     9 |    15 |    26 ||    50
       War axe           |    17 |    97 |   123 ||   237
Throw: Stone             |     3 |       |    21 ||    24
Invok: Berserk           |     1 |       |     1 ||     2
       Trog's Hand       |       |       |     1 ||     1
  Use: Potion            |       |       |     2 ||     2
Armor: Ring mail         |     6 |       |       ||     6
       Animal skin       |     1 |       |       ||     1
       Scale mail        |    14 |    29 |       ||    43
       Chain mail        |       |     9 |       ||     9
       Plate armour      |       |     8 |    87 ||    95
Dodge: Dodged            |    20 |    36 |    24 ||    80
Block: Buckler           |    12 |    17 |    20 ||    49
